AoeStats
← Juyhou

Arabia

507946987Analyzed
3v3 RM · 13d ago on Sep 20, 2026· 25m 13s· 6 players
Game mode
Random Map
Map size
Normal (6 player)
Population
200
Speed
Normal
Resources
Standard
Victory
Conquest
Starting age
Dark Age
Ending age
Imperial Age
RankedLock teamsTeams togetherTeam positionsShared explorationLock speedFull tech treeHidden civsTurbo modeCheats
Victory
Defeat
🇫🇮 Armenians · Finland
1779
+3
🇫🇮 Inca · Finland
1719
+4
🇫🇮 Romans · Finland
1558
+8
🇮🇳 Muisca · India
1386
-5
🇮🇳 Franks · India
1385
-5
🇮🇳 Britons · India
1377
-5
Ee-meili
7:11 Loom
10:08 Feudal Age
12:27 Double-Bit Axe
13:43 Horse Collar
17:00 Wheelbarrow
20:36 Castle Age
18:58 Scale Barding Armor
20:21 Bloodlines
20:47 Light Cavalry
21:28 Husbandry
21:48 Heavy Plow
22:00 Bow Saw
24:44 Chain Barding Armor
Kaarlos
6:12 Loom
9:11 Feudal Age
10:01 Double-Bit Axe
15:33 Fletching
17:19 Gold Mining
17:13 Horse Collar
19:14 Wheelbarrow
22:34 Castle Age
23:13 Bodkin Arrow
22:43 Crossbowman
23:54 Bow Saw
24:19 Gold Shaft Mining
25:27 Ballistics
Juyhou
5:41 Loom
Smiley
4:51 Loom
20:19 Feudal Age
25:21 Castle Age
25:14 Fletching
Luffy
6:25 Loom
8:56 Feudal Age
9:44 Double-Bit Axe
15:29 Fletching
16:57 Padded Archer Armor
25:37 Castle Age
Hunt
6:43 Loom
9:17 Feudal Age
10:05 Double-Bit Axe
Connection lost

Rejoining the realm…

Still unreachable

The connection could not be restored.

Session expired

The server has moved on; the page needs a fresh start.